 Dungeon Crawl Stone Soup version 0.25.0-9-g26727b657a (webtiles) character file.

Game seed: 13776657078624247956

80 protoss039 the Digger (level 4, -8/24 HPs)
             Began as a Deep Elf Earth Elementalist on June 19, 2020.
             Was an Initiate of Vehumet.
             Engulfed by a cloud of flame (12 damage)
             ... on level 4 of the Dungeon.
             The game lasted 00:06:16 (1996 turns).

protoss039 the Digger (Deep Elf Earth Elementalist) Turns: 1996, Time: 00:06:16

Health: -8/24      AC:  2    Str:  5    XL:     4   Next: 18%
Magic:  11/11      EV: 13    Int: 21    God:    Vehumet [......]
Gold:   67         SH:  0    Dex: 15    Spells: 9/10 levels left

rFire    . . .     SeeInvis .   j - +0 dagger
rCold    . . .     Gourm    .   (no shield)
rNeg     . . .     Faith    .   c - +0 robe
rPois    .         Spirit   .   (no helmet)
rElec    .         Reflect  .   (no cloak)
rCorr    .         Harm     .   (no gloves)
MR       .....                  (no boots)
Stlth    ++........             (no amulet)
HPRegen  0.08/turn              (no ring)
MPRegen  0.12/turn              (no ring)

@: no status effects
A: no striking features
a: Renounce Religion


You were on level 4 of the Dungeon.
You worshipped Vehumet.
Vehumet was noncommittal.
You were not hungry.

You visited 1 branch of the dungeon, and saw 3 of its levels.

You collected 67 gold pieces.

Inventory:

Hand Weapons
 j - a +0 dagger (weapon)
Missiles
 b - 18 stones (quivered)
Armour
 c - a +0 robe (worn)
Jewellery
 g - a cursed ring of attention
Wands
 a - a wand of random effects (8)
 h - a wand of enslavement (10)
Scrolls
 e - a scroll of remove curse {unknown}
 i - a scroll of enchant weapon {unknown}
 l - a scroll of teleportation {unknown}
Potions
 f - a potion of mutation
 k - a potion of curing
 m - a potion of haste {unknown}
Comestibles
 d - 6 rations


   Skills:
 + Level 0.3 Fighting
 + Level 0.2 Short Blades
 - Level 2.4 Dodging
 + Level 2.9 Stealth
 + Level 3.8 Spellcasting
   Level 1.1 Transmutations
 * Level 4.8 Earth Magic


You had 9 spell levels left.
You knew the following spells:

 Your Spells              Type           Power        Failure   Level  Hunger
a - Sandblast             Erth           ###...       1%          1    None

Your spell library contained the following spells:

 Spells                   Type           Power        Failure   Level  Hunger
 Passwall                 Tmut/Erth      ###.....     5%          2    #......
 Stone Arrow              Conj/Erth      ##....       14%         3    ###....
 Petrify                  Tmut/Erth      ###.....     34%         4    ####...
 Lee's Rapid Deconstruct  Erth           ###.......   43%         5    ######.


Dungeon Overview and Level Annotations

Branches:
Dungeon (4/15)
 Temple: D:4-7

Altars:
Vehumet


Message History

[the floor.] Really walk into a travel-excluded area? [Y]es or [N]o only, please.
Really walk into a travel-excluded area? [Y]es or [N]o only, please.
Really walk into a travel-excluded area?
Okay, then.
Really walk into a travel-excluded area?
Really walk into a travel-excluded area?
You are engulfed in blazing flames.
Ouch! That really hurt!
* * * LOW HITPOINT WARNING * * *
There is a radiant altar of Vehumet here.
Unknown command.
Press < or > to pray at altars.
You kneel at the altar of Vehumet.
Vehumet welcomes you!
You are engulfed in blazing flames.
Ouch! That really hurt!
You die...

.## #. ..# #.. #.# #..
#.# #.# ###.### #.#
#..☼..## # #.# #...☼..#
+. #.####.○@?..# .
#.#####+#......☼....# .#
#..........#.#....○.##.#
...........#.##........#
.#....<....#....#....###
#.........###.......#
#####...>## #..#..###
#......#.# #.....#
+......#.###..#..##


There were no monsters in sight!

Vanquished Creatures
  A hound (D:4)
  An adder (D:4)
  2 dart slugs (D:1)
  A leopard gecko (D:1)
  2 giant cockroaches (D:1)
  2 goblins (D:1)
  4 hobgoblins (D:1)
  8 jackals (D:1)
  A ball python (D:1)
  5 bats
  4 frilled lizards
  4 kobolds
  A rat (D:1)
36 creatures vanquished.

Vanquished Creatures (others)
  A frilled lizard (D:4)
1 creature vanquished.

Grand Total: 37 creatures vanquished

Notes
Turn   | Place    | Note
-------+----------+-------------------------------------------
     0 | D:1      | protoss039 the Deep Elf Earth Elementalist began the quest
                  | for the Orb.
     0 | D:1      | Reached XP level 1. HP: 10/10 MP: 6/6
   185 | D:1      | Reached XP level 2. HP: 12/15 MP: 5/8
   474 | D:1      | Reached skill level 4 in Earth Magic
   965 | D:1      | Reached XP level 3. HP: 19/19 MP: 7/9
  1735 | D:2      | You fall into a shaft and drop 2 floors!
  1747 | D:4      | Reached XP level 4. HP: 11/24 MP: 1/11
  1749 | D:4      | Found a radiant altar of Vehumet.
  1996 | D:4      | Became a worshipper of Vehumet
  1996 | D:4      | Engulfed by a cloud of flame

Illustrated notes

Levels and vault maps discovered:
D:1:      wander_arrival_fairy_ring, layout_loops_ring,
          chequers_serial_rivers_micro_b
D:2:      layout_basic, serial_forest, infiniplex_forest_zigzag_1,
          infiniplex_forest_lined_room_2, infiniplex_forest_end_3,
          infiniplex_forest_clump_large, infiniplex_forest_lined_room_,
          infiniplex_forest_clump_cross, infiniplex_forest_clump_large
D:4:      layout_basic, fiery_altar_vehumet, uniq_eustachio

Skill      XL: |  1  2 |
---------------+-------+-----
Earth Magic    | 4 |  4.8
Fighting       | |  0.3
Short Blades   | |  0.2
Dodging        | |  2.4
Stealth        | |  2.9
Spellcasting   | |  3.8
Transmutations | |  1.1

Action                   |  1- 3 |  4- 6 || total
-------------------------+-------+-------++-------
Melee: Unarmed           |    12 |       ||    12
       Dagger            |    40 |       ||    40
 Cast: Sandblast         |    42 |     1 ||    43
  Use: Scroll            |     3 |       ||     3
 Stab: Sleeping          |     5 |       ||     5
  Eat: Chunk             |     2 |     1 ||     3
Armor: Robe              |     6 |       ||     6
Dodge: Dodged            |    41 |       ||    41
